 Dungeon Crawl Stone Soup version 0.25-a0-58-g9dd530fc12 (webtiles) character file.

Game seed: 7505412665430699784, levelgen mode: deterministic

34 Flydiii the Chiller (level 3, 0/27 HPs)
             Began as a Draconian Ice Elementalist on Oct 20, 2019.
             Killed by nerve-wracking pain
             ... invoked by Grinder
              (8 damage)
             ... on level 2 of the Dungeon on Oct 27, 2019.
             The game lasted 00:14:34 (1562 turns).

Flydiii the Chiller (Draconian Ice Elementalist)    Turns: 1562, Time: 00:14:35

Health: 0/27       AC:  5    Str: 10    XL:     3   Next: 14%
Magic:  0/6        EV: 12    Int: 16    God:
Gold:   79         SH:  0    Dex: 11    Spells: 6/7 levels left

rFire    . . .     SeeInvis .   j - +0 mace
rCold    . . .     Gourm    .   (no shield)
rNeg     . . .     Faith    .   (armour unavailable)
rPois    .         Spirit   .   (helmet restricted)
rElec    .         Reflect  .   (no cloak)
rCorr    .         Harm     .   (no gloves)
MR       .....                  (no boots)
Stlth    ++........             (no amulet)
HPRegen  0.09/turn              (no ring)
MPRegen  0.10/turn              (no ring)

@: no status effects
A: unfitting armour, cold-blooded, AC +5
a: no special abilities


You were on level 2 of the Dungeon.
You were not hungry.

You visited 1 branch of the dungeon, and saw 3 of its levels.

You collected 79 gold pieces.

Inventory:

Hand Weapons
 j - a +0 mace (weapon)
Scrolls
 a - a scroll of enchant weapon {unknown}
 c - 4 scrolls of teleportation {unknown}
 d - 2 scrolls of identify {unknown}
 h - 2 scrolls of amnesia {unknown}
Potions
 e - a potion of haste {unknown}
 f - 2 potions of curing {unknown}
 g - 2 potions of flight {unknown}
 i - a potion of heal wounds {unknown}
 l - a potion of brilliance {unknown}
Comestibles
 b - 5 rations


   Skills:
 * Level 0.9 Fighting
 * Level 0.1 Maces & Flails
 + Level 2.1 Dodging
 - Level 1.7 Stealth
 * Level 2.6 Spellcasting
   Level 1.0 Conjurations
 + Level 3.3 Ice Magic


You had 6 spell levels left.
You knew the following spells:

 Your Spells              Type           Power        Failure   Level  Hunger
a - Freeze                Ice            ##..         4%          1    #......

Your spell library contained the following spells:

 Spells                   Type           Power        Failure   Level  Hunger
 Throw Frost              Conj/Ice       #.....       12%         2    ##.....
 Ozocubu's Armour         Chrm/Ice       #.......     28%         3    ###....
 Throw Icicle             Conj/Ice       #.......     61%         4    #####..
 Summon Ice Beast         Ice/Summ       #.......     67%         4    #####..


Dungeon Overview and Level Annotations

Branches:
Dungeon (3/15)

Altars:

Annotations:
D:2 Grinder


Innate Abilities, Weirdness & Mutations

Your plain brown scales are hard. (AC +5)
You cannot fit into any form of body armour.
You are cold-blooded and may be slowed by cold attacks.


Message History

Aiming: Freeze (safe; 4% risk of failure)
Press: ? - help, Shift-Dir - straight line, f/p - Grinder
Aim: Grinder (lightly wounded) Grinder completely resists.
You freeze Grinder but do no damage. The adder bites you but does no damage.
Grinder completely misses you. The adder barely misses you.
Casting: Freeze (safe; 4% risk of failure)
Confirm with . or Enter, or press ? or * to list all spells.
Aiming: Freeze (safe; 4% risk of failure)
Press: ? - help, Shift-Dir - straight line, f/p - Grinder
Aim: Grinder (lightly wounded) Grinder completely resists.
You freeze Grinder but do no damage. The adder barely misses you.
Grinder hits you. Grinder gestures at you. Pain shoots through your body!
* * * LOW HITPOINT WARNING * * *
Found a silver ring.
Grinder gestures at you. Pain shoots through your body!
You die...

...## .....#
...# #....# ...#
....# ...# ...
#### # . # ... #
#####...=. #
###.###S@.......
#
#.....>5.####...
# #........# #
#........# #
##########


You could see Grinder and an adder.

Vanquished Creatures
  2 dart slugs (D:1)
  A leopard gecko (D:1)
  2 giant cockroaches
  A goblin (D:1)
  4 hobgoblins (D:1)
  2 jackals (D:2)
  A ball python (D:1)
  4 bats
  2 frilled lizards
  6 kobolds
  5 rats
30 creatures vanquished.

Notes
Turn   | Place    | Note
-------+----------+-------------------------------------------
     0 | D:1      | Flydiii the Draconian Ice Elementalist began the quest for
                  | the Orb.
     0 | D:1      | Reached XP level 1. HP: 14/14 MP: 3/3
    19 | D:1      | Upgraded the game from 0.25-a0-36-g303dd5b1f4 to
                  | 0.25-a0-42-g6c54e25894
    19 | D:1      | Upgraded the game from 0.25-a0-42-g6c54e25894 to
                  | 0.25-a0-50-gf0389da217
   282 | D:2      | Reached XP level 2. HP: 6/20 MP: 1/5
   750 | D:1      | Upgraded the game from 0.25-a0-50-gf0389da217 to
                  | 0.25-a0-58-g9dd530fc12
  1399 | D:2      | Reached XP level 3. HP: 24/27 MP: 4/6
  1534 | D:3      | Noticed Grinder
  1562 | D:2      | Killed from afar by Grinder

Levels and vault maps discovered:
D:1:      minmay_arrival_jagged, layout_basic, bh_walls_and_bars
D:2:      layout_rooms
D:3:      minmay_angry_zag, layout_basic, first_ration, gup_sewer_entry_glass,
          okawaru_altar_gauntlet_db, uniq_terence, uniq_grinder

Skill      XL: |  1 |
---------------+----+-----
Dodging        | 2 |  2.1
Fighting       | |  0.9
Maces & Flails | |  0.1
Stealth        | |  1.7
Spellcasting   | |  2.6
Conjurations   | |  1.0
Ice Magic      | |  3.3

Action                   || total
-------------------------++-------
Melee: Unarmed           ||    10
       Mace              ||    25
       Dagger            ||     4
       Tailslap          ||     1
 Cast: Freeze            ||    45
  Eat: Chunk             ||     3
Armor: Skin              ||    59
Dodge: Dodged            ||   104

Table legend:
 A = Non-vault XP
 B = Vault XP
 C = Vault XP percentage of total XP
 D = Non-vault monster count
 E = Vault monster count
 F = Vault count percentage of total count
                 A         B        C        D         E       F
            +---------+---------+-------+---------+---------+-------
      Total |      49 |       0 |   0.0 |      30 |       0 |   0.0
            +---------+---------+-------+---------+---------+-------
        D:1 |      35 |       0 |   0.0 |      19 |       0 |   0.0
        D:2 |      14 |       0 |   0.0 |      11 |       0 |   0.0
            +---------+---------+-------+---------+---------+-------
